 Dungeon Crawl Stone Soup version bcrawl-1.27.8b (webtiles) character file.

Game seed: 11258708561475759124

100900 MisterOstroum the Slasher (level 2, 0/26 HPs)
             Began as a Djinni Chaos Knight on Oct 28, 2020.
             Was a Plaything of Xom.
             Slain by a leopard gecko (3 damage)
             ... on level 1 of the Dungeon.
             The game lasted 00:01:12 (199 turns).

MisterOstroum the Slasher (Djinni Chaos Knight)      Turns: 199, Time: 00:01:13

Health: 0/26       AC:  5    Str: 14    XL:     2   Next: 3%
Magic:  11/11      EV: 17    Int: 14    God:    Xom [....*.]
Gold:   25         SH:  1    Dex: 15    Spells: 1/1 levels left

rFire    x . .     SeeInvis .   a - +0 falchion (chaos)
rCold    + . .     Gourm    .   (no shield)
rNeg     . . .     Faith    .   b - +2 leather armour
rPois    .         Spirit   .   (no helmet)
rElec    .         Reflect  .   (no cloak)
rCorr    .         Harm     .   (no gloves)
MR       .....     Rnd*Rage +   (boots unavailable)
Stlth    ++........             (no amulet)
HPRegen  0.08/turn              h - ring of ice
MPRegen  0.12/turn              g - ring of magical power

@: agile, flying
A: never pass out, berserk 2, blurry vision 2, wild magic 1, MP-powered wands,
floating
a: Renounce Religion


You were on level 1 of the Dungeon.
You worshipped Xom.
You were a beloved toy of Xom.
You were not hungry.

You visited 1 branch of the dungeon, and saw 1 of its levels.

You collected 25 gold pieces.

Inventory:

Hand Weapons
 a - a +0 falchion of chaos (weapon)
Missiles
 f - 356 stones (quivered)
Armour
 b - a +2 leather armour (worn)
Jewellery
 g - a ring of magical power (right hand)
 h - a ring of ice (left hand)
Scrolls
 j - a scroll of enchant armour {unknown}
 k - a scroll of remove curse {unknown}
Potions
 d - a potion of might {unknown}
Comestibles
 e - a ration {!d}
 i - 4 chunks of flesh


   Skills:
 + Level 3.5 Fighting
 * Level 3.7 Long Blades
 - Level 0.8 Armour
 - Level 2.0 Dodging


You had one spell level left.
You didn't know any spells.
Your spell library was empty.

Dungeon Overview and Level Annotations

Branches:
Dungeon (1/12)

Altars:


Innate Abilities, Weirdness & Mutations

You never pass out after going berserk.
You often lose your temper in combat.
Scrolls take you longer to read.
Your spells are a little harder to cast, but a little more powerful.
You expend magic power (3 MP) to strengthen your wands.
Your body floats in the air.


Message History

Okay, then.
Unknown command.
You recover from your berserk rage.
The dart slug launches a dart at you.
The slug dart hits you but does no damage.
You see here an agate ring.
You hit the dart slug.
The dart slug is poisoned.
Dim flames ripple over the dart slug's body.
The dart slug is heavily wounded.
The dart slug bites you but does no damage.
You hit the dart slug.
You kill the dart slug!
No target in view!
No target in view!
g - an agate ring
h - an iron ring Put on which piece of jewellery? (? for menu, Esc to quit)
You feel more attuned to ice.
h - a ring of ice (left hand)
A goblin comes into view. It is wielding a +0 club.
Put on which piece of jewellery? (? for menu, Esc to quit)
You feel your magic capacity increase.
g - a ring of magical power (right hand)
The goblin shouts!
Put on which piece of jewellery? (? for menu, Esc to quit)
Okay, then.
Unknown command.
The goblin hits you with a +0 club. The goblin hits you with a +0 club.
You barely miss the goblin. The goblin completely misses you.
You hit the goblin.
You kill the goblin!
You have reached level 2!
Things that are here:
a +0 club; a goblin corpse Xom's power almost touches on you for a moment.
Wisps of condensation drift from your feet.
You are now a beloved toy of Xom.
Xom smirks.
You detect creatures!
HP restored.
Magic restored.
You butcher the goblin corpse.
i - 3 chunks of flesh
Things that are here:
a +0 club; a goblin skeleton
Things that are here:
a +0 club; a goblin skeleton
j - a scroll labeled VASCHA UTZA Key pressed, stopping explore.
You butcher the rat corpse.
i - 4 chunks of flesh (gained 1)
Items here: )) ÷ † a +0 falchion; a cursed -2 dagger; a kobold corpse; a rat skeleton
Items here: )) ÷ † a +0 falchion; a cursed -2 dagger; a kobold corpse; a rat skeleton You see here a mace.
f - 356 stones (gained 152)
k - a scroll labeled BAMUME GANK Key pressed, stopping explore.
Found a stone staircase leading down.
No target in view!
No target in view!
No target in view!
You now have 25 gold pieces (gained 14).
A leopard gecko comes into view.
The leopard gecko hisses angrily.
A leopard gecko is nearby!
You hit the leopard gecko but do no damage.
The leopard gecko goes berserk!
Xom is highly amused!
The leopard gecko bites you.
You closely miss the leopard gecko. The leopard gecko misses you.
The leopard gecko barely misses you.
You hit the leopard gecko.
You feel better.
The leopard gecko is severely wounded.
The leopard gecko barely misses you.
You hit the leopard gecko but do no damage.
The leopard gecko is severely wounded.
The leopard gecko bites you but does no damage.
The leopard gecko bites you.
You miss the leopard gecko.
The leopard gecko is severely wounded.
The leopard gecko bites you. x2
You hit the leopard gecko.
The leopard gecko flickers and vanishes!
Deactivating autopickup; reactivate with Ctrl-A.
Something bites you but does no damage.
You closely miss something. Something bites you. x2
* * * LOW HITPOINT WARNING * * *
You miss something. Something barely misses you.
It was a potion of agility.
You feel agile all of a sudden.
Something bites you but does no damage. x2
Something barely misses you.
You closely miss something. Something bites you.
* * * LOW HITPOINT WARNING * * *
Something bites you.
You die... "It was about time."

### ####### g ... K......
..# ########## # #.#
#....# # #. #.# #....# #
###". #.# #....#####
......#.#########.........
#>....{@................
#...#.#...#####.........
..... #.#...# #.........
.).. #.#...# ##.##.....
... ..#...# #..####.. ##
###...# ##.## #.. #...#
#..# #.. #####
######.###.. #...........


There were no monsters in sight!

Vanquished Creatures
  A dart slug (D:1)
  A bat (D:1)
  A goblin (D:1)
  3 kobolds (D:1)
  A rat (D:1)
7 creatures vanquished.

Notes
Turn   | Place    | Note
-------+----------+-------------------------------------------
     0 | D:1      | MisterOstroum the Djinni Chaos Knight began the quest for
                  | the Orb.
     0 | D:1      | Reached XP level 1. HP: 19/19 MP: 1/1
    97 | D:1      | Reached XP level 2. HP: 20/26 MP: 1/2
   114 | D:1      | XOM: harmless Ice miscast
   117 | D:1      | XOM: divination: detect creatures
   199 | D:1      | Slain by a leopard gecko

Action                   || total
-------------------------++-------
Melee: Falchion          ||    24
  Use: Potion            ||     1
Armor: Leather armour    ||    10
Dodge: Dodged            ||    14
